 Dungeon Crawl Stone Soup version 0.24.1-14-gf8d2b509d9 (webtiles) character file.

Game seed: 13977702889287040457, levelgen mode: deterministic

9410 kamnev09 the Slicer (level 11, -20/97 HPs)
             Began as a Minotaur Berserker on May 25, 2020.
             Was a High Priest of Trog.
             Demolished by a two-headed ogre
             ... wielding a +0 giant club
              (25 damage)
             ... on level 10 of the Dungeon.
             The game lasted 01:33:15 (11132 turns).

kamnev09 the Slicer (Minotaur Berserker)           Turns: 11132, Time: 01:33:15

Health: -20/97     AC: 12    Str: 27    XL:     11   Next: 22%
Magic:  10/10      EV: 11    Int:  4    God:    Trog [*****.]
Gold:   670        SH:  0    Dex: 10    Spells: 10/10 levels left

rFire    + . .     SeeInvis +   x - +7 rapier (vamp)
rCold    + . .     Gourm    .   (no shield)
rNeg     . . .     Faith    .   C - +1 chain mail
rPois    .         Spirit   .   (helmet restricted)
rElec    .         Reflect  .   j - scarf {rC+ rF+}
rCorr    .         Harm     .   (no gloves)
MR       .....                  (no boots)
Stlth    ..........             (no amulet)
HPRegen  0.26/turn              t - +2 ring of strength
MPRegen  0.12/turn              T - ring of see invisible

@: no status effects
A: retaliatory headbutt, horns 2
a: Berserk, Trog's Hand, Brothers in Arms, Renounce Religion


You were on level 10 of the Dungeon.
You worshipped Trog.
Trog was extremely pleased with you.
You were not hungry.

You visited 2 branches of the dungeon, and saw 11 of its levels.

You collected 670 gold pieces.

Inventory:

Hand Weapons
 i - a +1 flail of crushing
 m - a +0 short sword
 r - a +0 great mace
 x - a +7 vampiric rapier (weapon)
 J - a +2 antimagic short sword
 P - a +4 short sword of venom
Armour
 j - a scarf of resistance (worn)
 q - a +4 ring mail
 C - a +1 chain mail (worn)
Jewellery
 n - a +5 ring of protection
 t - a +2 ring of strength (left hand)
 B - an uncursed ring of resist corrosion
 G - an uncursed ring of stealth
 L - a +2 amulet of reflection
 T - a ring of see invisible (right hand)
Wands
 v - a wand of flame (19)
 y - a wand of disintegration (5)
 z - a wand of acid (7)
 K - a wand of iceblast (17)
 N - a wand of random effects (15)
Scrolls
 f - a scroll of teleportation
 l - 5 scrolls of identify
 u - 2 scrolls of remove curse
 w - a scroll of amnesia {unknown}
 M - a scroll of holy word {unknown}
 R - a scroll of summoning {unknown}
 S - a scroll of fear {unknown}
Potions
 b - 2 potions of haste
 d - a potion of invisibility
 e - 2 potions of brilliance
 g - a potion of might {unknown}
 k - 3 potions of agility
 o - 2 potions of heal wounds {unknown}
 s - 3 potions of curing
 A - a potion of lignification
 D - 3 potions of degeneration
 E - a potion of resistance {unknown}
 F - a potion of berserk rage {unknown}
Comestibles
 a - 4 chunks of flesh
 c - 11 rations


   Skills:
 + Level 9.4 Fighting
 + Level 11.5 Short Blades
   Level 5.0(6.9) Axes
 + Level 7.3(8.0) Maces & Flails
 + Level 8.6 Armour
 + Level 7.1 Dodging
 + Level 2.7 Stealth


You had 10 spell levels left.
You didn't know any spells.
Your spell library was empty.

Dungeon Overview and Level Annotations

Branches:
Dungeon (10/15)            Temple (1/1) D:5
   Lair: D:8-11         Orc: D:9-12

Altars:
Ashenzari
Cheibriados
Dithmenos
Elyvilon
Fedhas
Gozag
Hepliaklqana
Kikubaaqudgha
Makhleb
Nemelex Xobeh
Okawaru
Qazlal
Ru
Sif Muna
Trog
Uskayaw
Vehumet
Wu Jian
Xom
Yredelemnul
Zin
The Shining One


Innate Abilities, Weirdness & Mutations

You reflexively headbutt those who attack you in melee.
You have a pair of horns on your head.


Message History

The two-headed ogre is almost dead.
The two-headed ogre hits you with a +0 giant club!
* * * LOW HITPOINT WARNING * * *
The two-headed ogre hits you with a +0 giant club!
* * * LOW HITPOINT WARNING * * *
You hit the two-headed ogre.
You feel better.
You headbutt the two-headed ogre, but do no damage.
The two-headed ogre is almost dead.
You hit the two-headed ogre.
You feel better.
The two-headed ogre is almost dead.
The two-headed ogre completely misses you.
The two-headed ogre hits you with a +0 giant club!
* * * LOW HITPOINT WARNING * * *
You closely miss the two-headed ogre.
Your headbutt misses the two-headed ogre.
The two-headed ogre is almost dead.
You barely miss the two-headed ogre. You headbutt the two-headed ogre.
The two-headed ogre is almost dead.
The two-headed ogre hits you with a +0 giant club!!
You die...

#.# #†# #.# #<# #.# #.#
#.# #.# #..# #.# #.#
#..# #.# #.# #.O# #.#
#.# #..# #.# #.# #..#
#.# #@# #..# #.# #O#
#..# .######.#
#.#######..#
........#####......O...#
.......................#
########################


You could see a two-headed ogre.

Vanquished Creatures
  3 two-headed ogres
  A queen bee (D:10)
  A troll (D:9)
  A wraith (D:10)
  A basilisk (D:6)
  4 vampire mosquitoes (D:7)
  Menkaure (D:4)
  A water moccasin (D:6)
  Duvessa (D:4)
  8 orc warriors
  2 ice beasts
  7 phantoms
  4 ogres
  6 centaurs
  3 big kobolds
  6 bullfrogs
  Dowan (D:4)
  3 scorpions
  15 killer bees
  5 wights (D:8)
  4 howler monkeys
  6 crimson imps
  9 hounds
  4 jellies
  8 orc priests
  A bullfrog skeleton (D:8)
  A centaur skeleton (D:9)
  4 iguanas
  9 orc wizards
  6 worker ants
  A hound skeleton (D:6)
  A worker ant zombie (D:9)
  16 adders
  3 shadow imps
  2 adder skeletons
  6 worms
  A dart slug (D:1)
  5 leopard geckos
  62 orcs
  3 ball pythons
  A bat (D:2)
  3 giant cockroaches
  9 hobgoblins
  5 jackals
  6 quokkas
  6 frilled lizards
  8 goblins
  27 kobolds
  A quokka zombie (D:9)
  7 rats
299 creatures vanquished.

Notes
Turn   | Place    | Note
-------+----------+-------------------------------------------
     0 | D:1      | kamnev09 the Minotaur Berserker began the quest for the
                  | Orb.
     0 | D:1      | Reached XP level 1. HP: 19/19 MP: 0/0
   402 | D:1      | Reached XP level 2. HP: 25/27 MP: 1/1
  1241 | D:2      | Reached XP level 3. HP: 12/33 MP: 2/2
  1556 | D:2      | Found a blossoming altar of Fedhas.
  1680 | D:2      | Reached ** piety under Trog
  2036 | D:2      | Reached XP level 4. HP: 32/41 MP: 3/3
  2542 | D:3      | Reached skill level 1 in Maces & Flails
  2682 | D:3      | Reached skill level 5 in Axes
  2853 | D:3      | Reached XP level 5. HP: 44/47 MP: 4/4
  3228 | D:4      | Reached *** piety under Trog
  3295 | D:4      | Noticed a phantom
  3337 | D:4      | Killed a phantom
  3337 | D:4      | Reached XP level 6. HP: 43/55 MP: 5/5
  3405 | D:4      | Reached skill level 5 in Fighting
  3577 | D:4      | Noticed Menkaure
  3585 | D:4      | Killed Menkaure
  3585 | D:4      | Reached skill level 5 in Maces & Flails
  3585 | D:4      | Reached XP level 7. HP: 29/61 MP: 6/6
  3806 | D:4      | Noticed Duvessa
  3808 | D:4      | Noticed Dowan
  3820 | D:4      | Killed Duvessa
  3832 | D:4      | Killed Dowan
  4101 | D:4      | Reached skill level 1 in Stealth
  4241 | D:4      | Found a shattered altar of Ashenzari.
  4262 | D:4      | иукыукл
  4377 | D:5      | Entered Level 5 of the Dungeon
  4457 | D:5      | Reached skill level 1 in Short Blades
  4470 | D:5      | Found an ancient bone altar of Kikubaaqudgha.
  4496 | D:5      | Reached XP level 8. HP: 69/70 MP: 7/7
  4561 | D:5      | Found a staircase to the Ecumenical Temple.
  4566 | D:5      | Reached skill level 5 in Armour
  4951 | D:5      | Reached skill level 2 in Short Blades
  5239 | Temple   | Entered the Ecumenical Temple
  5445 | D:6      | Reached skill level 3 in Short Blades
  5486 | D:6      | Reached skill level 4 in Short Blades
  5502 | D:6      | Got a polished hand axe
  5621 | D:6      | Reached skill level 5 in Short Blades
  5674 | D:6      | Reached **** piety under Trog
  5674 | D:6      | Reached XP level 9. HP: 76/78 MP: 8/8
  5879 | D:6      | Reached skill level 6 in Short Blades
  6112 | D:6      | Found a shimmering altar of Xom.
  6112 | D:6      | Found a snail-covered altar of Cheibriados.
  6414 | D:7      | Reached skill level 7 in Short Blades
  6929 | D:7      | Reached ***** piety under Trog
  6937 | D:7      | Found a sparkling altar of Nemelex Xobeh.
  6962 | D:7      | Found a bloodstained altar of Trog.
  6962 | D:7      | Found a stormy altar of Qazlal.
  6971 | D:7      | Found an ornate altar of the Wu Jian Council.
  6973 | D:7      | Found a shadowy altar of Dithmenos.
  7101 | D:7      | Reached skill level 8 in Short Blades
  7101 | D:7      | Reached skill level 5 in Dodging
  7470 | D:8      | Found a hide-covered altar of Uskayaw.
  7653 | D:8      | Noticed a two-headed ogre
  7653 | D:8      | Noticed a two-headed ogre
  7668 | D:8      | Killed a two-headed ogre
  7668 | D:8      | Reached skill level 9 in Short Blades
  7668 | D:8      | Reached XP level 10. HP: 70/88 MP: 9/9
  7677 | D:8      | Killed a two-headed ogre
  8257 | D:8      | Reached skill level 10 in Short Blades
  9140 | D:9      | Received a gift from Trog
  9820 | D:9      | HP: 1/91 [orc warrior/+0 trident (8)]
  9844 | D:10     | Entered Level 10 of the Dungeon
 10234 | D:9      | Reached skill level 11 in Short Blades
 10525 | D:10     | Reached XP level 11. HP: 97/97 MP: 10/10
 10955 | D:10     | Received a gift from Trog
 11106 | D:10     | Noticed a two-headed ogre
 11107 | D:10     | Noticed a two-headed ogre
 11124 | D:10     | Killed a two-headed ogre
 11132 | D:10     | Demolished by a two-headed ogre

Levels and vault maps discovered:
D:1:      lemuel_arrival_rhombus, layout_loops_ring, minmay_misc_feat_pillars
D:2:      layout_basic, minmay_misc_feat_plants, minmay_misc_feat_tower,
          fedhas_altar_4
D:3:      layout_rooms, small_statue_intersection, minmay_misc_feat_five,
          minmay_circle_x
D:4:      layout_basic, kennysheep_little_box, first_ration, uniq_duvessa,
          uniq_menkaure
D:5:      layout_loops_ring, old_standard_altar, minmay_temple_entry_metal_lava
D:6:      layout_loops_ring, amethyst_overflow_temple_binary
D:7:      layout_basic, minitemple
D:8:      layout_basic, basic_altar
D:9:      layout_basic, special_room [special_room_orc]
D:10:     layout_long_grid, lair_entry_dummy, david_nohive_1, uniq_nergalle
Temple:   nicolae_temple_god_jail

Skill      XL: |  1  2  3  4  5  6  7  8  9 10 11 |
---------------+----------------------------------+-----
Axes           | 4 5 |  5.0
Fighting       | 4 5 6 8 9 |  9.4
Maces & Flails | 2 3 5 7 |  7.3
Dodging        | 3 4 5 6 7 |  7.1
Armour         | 3 4 6 7 8 |  8.6
Stealth        | 1 2 |  2.7
Short Blades   | 1 5 9 11 | 11.5

Action                   |  1- 3 |  4- 6 |  7- 9 | 10-12 || total
-------------------------+-------+-------+-------+-------++-------
Melee: Hand axe          |    46 |       |       |       ||    46
       Headbutt          |    15 |    11 |    55 |    56 ||   137
       Flail             |    42 |    49 |       |       ||    91
       Great mace        |       |    36 |    17 |       ||    53
       Rapier            |       |       |   314 |   304 ||   618
Invok: Berserk           |       |       |       |     2 ||     2
  Use: Scroll            |     4 |       |    16 |     8 ||    28
       Potion            |     1 |     1 |       |     4 ||     6
 Stab: Sleeping          |       |       |       |     1 ||     1
       Distracted        |       |       |       |     1 ||     1
  Eat: Chunk             |     3 |     5 |     5 |     1 ||    14
       Ration            |       |       |     3 |     3 ||     6
Armor: Animal skin       |     5 |       |       |       ||     5
       Ring mail         |    12 |    21 |   120 |    78 ||   231
       Chain mail        |       |       |       |     4 ||     4
Dodge: Dodged            |    43 |    53 |   173 |   220 ||   489
